 Dungeon Crawl Stone Soup version 0.31-a0-4-gefa6de2278 (webtiles) character file.

Game seed: 1086015587963449827

124 Mesmaeker13 the Insei (level 5, -2/54 HPs)
             Began as an Octopode Transmuter on May 3, 2023.
             Slain by an orc priest
             ... wielding a +0 whip
              (5 damage)
             ... on level 3 of the Dungeon.
             The game lasted 00:03:17 (2597 turns).

Mesmaeker13 the Insei (Octopode Transmuter)         Turns: 2597, Time: 00:03:18

Health: -2/54      AC: 26    Str:  9    XL:     5   Next: 8%
Magic:  8/8        EV:  2    Int: 17    God:
Gold:   189        SH:  0    Dex: 13    Spells: 1/8 levels left

rFire   + . .        c - staff of fire
rCold   . . .        (no shield)
rNeg    . . .        (helmet currently unavailable)
rPois   +            (no amulet)
rElec   .            e - +4 ring of protection
rCorr   .            (no ring)
SInv    .            (no ring)
Will    .....        (no ring)
Stlth   +            (no ring)
HPRegen 0.29/turn    (no ring)
MPRegen 0.11/turn    (no ring)
                     (no ring)

%: no passive effects
@: tree-form
A: stationary, stasis, torment immunity, boosted hp, almost no armour,
(amphibious), 8 rings, (camouflage 1), (gelatinous body 1), (nimble swimmer 1),
(tentacles)
a: no special abilities


You were on level 3 of the Dungeon.
You were a tree.
You visited 1 branch of the dungeon, and saw 3 of its levels.

You collected 189 gold pieces.

Inventory:

Hand Weapons
 k - a +0 morningstar of protection
Magical Staves
 c - a staff of fire (weapon)
Jewellery
 e - a +4 ring of protection (left branch)
Scrolls
 d - 2 scrolls of fog
 f - 2 scrolls of fear
 g - a scroll of enchant weapon {unknown}
 j - a scroll of magic mapping {unknown}
 o - a scroll of teleportation {unknown}
 q - a scroll of enchant armour {unknown}
Potions
 h - a potion of haste {unknown}
 i - a potion of ambrosia {unknown}
 m - a potion of berserk rage {unknown}
 n - a potion of invisibility {unknown}
 p - 2 potions of mutation


   Skills:
 + Level 2.8 Fighting
 - Level 2.0 Dodging
 + Level 4.0 Unarmed Combat
 - Level 2.0 Spellcasting
 + Level 3.3 Transmutations


You had one spell level left.
You knew the following spells:

 Your Spells              Type           Power      Damage    Failure   Level
a - Beastly Appendage     Tmut           24%        N/A       4%          1
b - Wereblood             Tmut           12%        N/A       8%          2
c - Ice Form              Ice/Tmut       7%         N/A       69%         4

Your spell library contained the following spells:

 Spells                   Type           Power      Damage    Failure   Level
 Spider Form              Tmut/Pois      7%         N/A       30%         3


Dungeon Overview and Level Annotations

Branches:
Dungeon (3/15)

Altars:
Dithmenos
Elyvilon
Kikubaaqudgha
Vehumet
Yredelemnul
Zin

Annotations:
D:3 4 exclusions


Innate Abilities, Weirdness & Mutations

You are a tree.
Your roots penetrate the ground, keeping you stationary.
You cannot be teleported.
You are immune to unholy pain and torment.
Your maximum health is greatly increased.
You cannot wear most types of armour.
((You are amphibious.))
You can wear up to eight rings at the same time.
((Your skin changes colour to match your surroundings (Stealth+).))
((Your rubbery body absorbs attacks. (AC +1, EV +1)))
((You are camouflaged when in or above water. (Stealth+)))
((You have tentacles for arms and can constrict up to eight enemies at once.))


Message History

You barely miss the orc priest.
The orc priest is heavily wounded.
The orc priest hits you but does no damage.
The orc hits you but does no damage.
You barely miss the orc priest. Your punch misses the orc priest.
The orc priest is heavily wounded.
The orc priest hits you but does no damage.
The orc hits you with a +0 flail.
* * * LOW HITPOINT WARNING * * *
You barely miss the orc priest.
The orc priest is heavily wounded.
The orc priest hits you but does no damage.
The orc hits you but does no damage.
You barely miss the orc priest.
The orc priest is heavily wounded.
The orc priest hits you but does no damage.
The orc hits you but does no damage.
You hit the orc priest.
The orc priest is heavily wounded.
The orc priest hits you with a +0 whip.
* * * LOW HITPOINT WARNING * * *
The orc hits you with a +0 flail.
* * * LOW HITPOINT WARNING * * *
The orc hits you but does no damage. The orc priest hits you with a +0 whip.
* * * LOW HITPOINT WARNING * * *
You feel better. The orc hits you with a +0 flail.
* * * LOW HITPOINT WARNING * * *
The orc priest hits you but does no damage.
You hit the orc priest.
The orc priest is severely wounded.
The orc priest hits you but does no damage.
The orc hits you but does no damage.
You hit the orc priest but do no damage.
The orc priest is severely wounded.
The orc priest hits you but does no damage.
The orc hits you but does no damage.
You hit the orc priest.
The orc priest is severely wounded.
The orc priest hits you with a +0 whip.
You die...

..... #...# #...# .#
#...#####.#.. ..##..
#.........#.# ..##.#
#####...........## ..##.#
.....Soo._..._.... ..##.#
#♣.........# ..##.#
#._..⌠.._.# ..##.#
.#######.........# ..##.#
........)........# ..##.#
########...._.$..#
.....############.#....###
.....#............###..#
.....#.##########.# #.#
.....#.# ..# .#


You could see an orc priest, an adder and an orc.

Vanquished Creatures
  5 adders (D:2)
  3 worms (D:2)
  3 dart slugs
  2 orcs (D:3)
  9 endoplasms
  4 giant cockroaches
  4 goblins
  3 hobgoblins
  8 kobolds
  4 quokkas
  6 ball pythons
  4 bats
  A frilled lizard (D:1)
  4 rats
60 creatures vanquished.

Notes
Turn   | Place    | Note
-------+----------+-------------------------------------------
     0 | D:1      | Mesmaeker13 the Octopode Transmuter began the quest for the
                  | Orb.
     0 | D:1      | Reached XP level 1. HP: 13/13 MP: 3/3
   121 | D:1      | Reached XP level 2. HP: 11/18 MP: 3/5
   269 | D:1      | Learned a level 2 spell: Wereblood
   364 | D:1      | Reached XP level 3. HP: 22/24 MP: 4/6
   985 | D:2      | Reached XP level 4. HP: 25/29 MP: 3/7
  2023 | D:3      | Learned a level 4 spell: Ice Form
  2228 | D:3      | Reached skill level 4 in Unarmed Combat
  2228 | D:3      | Reached XP level 5. HP: 35/35 MP: 6/8
  2256 | D:3      | Found an ancient bone altar of Kikubaaqudgha.
  2559 | D:3      | Found a radiant altar of Vehumet.
  2559 | D:3      | Found a basalt altar of Yredelemnul.
  2559 | D:3      | Found a shadowy altar of Dithmenos.
  2559 | D:3      | Found a glowing silver altar of Zin.
  2560 | D:3      | Found a white marble altar of Elyvilon.
  2593 | D:3      | HP: 2/54 [orc priest/+0 whip (4)]
  2597 | D:3      | Slain by an orc priest

Illustrated notes

Levels and vault maps discovered:
D:1:      lightli_arrival_windingriver, layout_basic
D:2:      minmay_wonky_spiral, layout_basic
D:3:      layout_loops_ring, mainiacjoe_overflow_tiny_flanked,
          kiku_gazebo_pond_becter, grunt_temple_overflow_open,
          nicolae_elevator_lobby_plus

Skill      XL: |  1  2  3  4 |
---------------+-------------+-----
Fighting       | 2 |  2.8
Transmutations | 3 |  3.3
Unarmed Combat | 4 |  4.0
Dodging        | |  2.0
Spellcasting   | |  2.0

Action                     |  1- 3 |  4- 6 || total
---------------------------+-------+-------++-------
  Melee: Unarmed           |    31 |       ||    31
         Constrict         |    24 |    22 ||    46
         Tentacles         |    15 |    14 ||    29
         Kick              |    20 |    31 ||    51
         Staff             |    49 |    77 ||   126
         Punch             |     3 |     4 ||     7
   Cast: Beastly Appendage |    19 |    22 ||    41
         Wereblood         |       |     2 ||     2
    Use: Scroll            |       |     4 ||     4
         Potion            |       |     3 ||     3
   Stab: Sleeping          |     2 |     5 ||     7
 Armour: Skin              |    12 |    39 ||    51
  Dodge: Dodged            |    50 |    52 ||   102

Table legend: (Time is in decaauts)
 A = Elapsed time spent in this place.
 B = Non-inter-level travel time spent in this place.
 C = Inter-level travel time spent in this place.
 D = Time resting spent in this place.
 E = Time spent auto-exploring this place.
 F = Levels seen in this place.
 G = Mean time per level.
                   A        B        C        D        E       F      G
               +--------+--------+--------+--------+--------+-----+--------+
         Total |   2619 |   2599 |     20 |    198 |   1837 |   3 |  873.0 |
       Dungeon |   2619 |   2599 |     20 |    198 |   1837 |   3 |  873.0 |
               +--------+--------+--------+--------+--------+-----+--------+

Top non-repeatable levels by time:
     D:2: 1199 daAuts
     D:1: 832 daAuts
     D:3: 587 daAuts
